 Dungeon Sprint DCSS version 0.28-a0-1524-ge72afd5fc6 (webtiles) character file.

Game seed: 5379493081893106511

487 mhtbhm the Cudgeller (level 6, -3/67 HPs)
             Began as a Troll Fighter on Jan 17, 2022.
             Was an Initiate of Gozag.
             Slain by a snapping turtle (10 damage)
             ... in the Dungeon (Sprint VII: "The Pits").
             The game lasted 00:02:03 (473 turns).

mhtbhm the Cudgeller (Troll Fighter)                 Turns: 473, Time: 00:02:08

Health: -3/67      AC:  5    Str: 27    XL:     6   Next: 89%
Magic:  5/5        EV: 10    Int:  4    God:    Gozag
Gold:   1215       SH:  8    Dex:  9    Spells: 5/5 levels left

rFire   . . .      SeeInvis .   a - +2 flail (vorpal)
rCold   + . .      Faith    .   c - +0 kite shield
rNeg    . . .      Spirit   .   b - +1 robe {rC+}
rPois   .          Reflect  .   (helmet restricted)
rElec   .          Harm     .   (no cloak)
rCorr   .          Rampage  .   (gloves unavailable)
Will    .....      NoTele   +   (boots unavailable)
Stlth   +.........              (no amulet)
HPRegen 1.01/turn               (no ring)
MPRegen 0.09/turn               (no ring)

@: no status effects
A: large, unfitting armour, claws 3, regeneration 1, shaggy fur 1, tough skin 1
a: Renounce Religion, Potion Petition, Call Merchant, Bribe Branch


You were in the Dungeon.
You worshipped Gozag.
Gozag was most pleased with you.
You visited 1 branch You collected 1215 gold pieces.

Inventory:

Hand Weapons
 a - a +2 vorpal flail (weapon)
Armour
 b - a +1 robe of cold resistance (worn)
 c - a +0 kite shield (worn)
Scrolls
 j - a scroll of blinking
 l - 5 scrolls of amnesia
 m - a scroll of summoning
Potions
 d - a potion of might
 e - 6 potions of curing
 f - 4 potions of heal wounds
 g - a potion of haste
 h - 4 potions of magic
 i - 3 potions of berserk rage
 k - 2 potions of invisibility


   Skills:
 + Level 5.7 Fighting
 + Level 7.4 Maces & Flails
 + Level 7.2 Dodging
 + Level 6.5 Shields


You had 5 spell levels left.
You didn't know any spells.
Your spell library was empty.

Dungeon Overview and Level Annotations

Branches:
Dungeon (1/1)

Altars:
Ashenzari
Cheibriados
Dithmenos
Elyvilon
Fedhas
Gozag
Hepliaklqana
Kikubaaqudgha
Makhleb
Nemelex Xobeh
Okawaru
Qazlal
Ru
Sif Muna
Trog
Uskayaw
Vehumet
Wu Jian
Xom
Yredelemnul
Zin
The Shining One
Beogh
Jiyva
Lugonu


Innate Abilities, Weirdness & Mutations

You are too large for most types of armour.
You have claws for hands.
Your natural rate of healing is unusually fast.
You are covered in fur. (AC +1)
You have tough skin. (AC +1)


Message History

You are too injured to fight recklessly!
You are too injured to fight recklessly!
You are too injured to fight recklessly!
You are too injured to fight recklessly!
You are too injured to fight recklessly!
You are too injured to fight recklessly!
You are too injured to fight recklessly!
You are too injured to fight recklessly!
You are too injured to fight recklessly!
You are too injured to fight recklessly!
You are too injured to fight recklessly!
You feel much better. You block the snapping turtle's attack.
You hit the snapping turtle.
The snapping turtle is moderately wounded.
The snapping turtle bites you!
You hit the snapping turtle but do no damage.
The snapping turtle is moderately wounded.
You block the snapping turtle's attack. The snapping turtle bites you!
You hit the snapping turtle.
The snapping turtle is moderately wounded.
The snapping turtle bites you.
You sock the snapping turtle!
The snapping turtle is severely wounded.
The snapping turtle closely misses you.
You hit the snapping turtle but do no damage.
The snapping turtle is severely wounded.
The snapping turtle bites you but does no damage.
You barely miss the snapping turtle.
The snapping turtle is severely wounded.
The snapping turtle bites you!
You sock the snapping turtle!
The snapping turtle is almost dead.
The snapping turtle bites you.
You hit the snapping turtle but do no damage.
The snapping turtle is almost dead.
The snapping turtle bites you!
* * * LOW HITPOINT WARNING * * *
The snapping turtle bites you!
You die...
Your body crumbles into a pile of gold.

#[#........##.......#
#)#........##.......#
#'###########.......#
#.......# #########
#.......# #...#...#
#..###..#+#
#...#...#t+
#.......#@#
#.......'.#
###########


You could see a snapping turtle.

Vanquished Creatures
  A water moccasin (D)
  2 phantoms (D)
  A scorpion (D)
  An orc priest (D)
  A gnoll shaman (D)
  An orc wizard (D)
  5 gnolls (D)
  A river rat (D)
  An adder (D)
  2 ufetubi (D)
  An orc (D)
  A bat (D)
  An endoplasm (D)
  A goblin (D)
  3 ball pythons (D)
23 creatures vanquished.

Notes
Turn   | Place    | Note
-------+----------+-------------------------------------------
     0 | D        | mhtbhm the Troll Fighter began the quest for the Orb.
     0 | D        | Reached XP level 1. HP: 22/22 MP: 0/0
    18 | D        | Found a bloodstained altar of Trog.
    18 | D        | Found a shimmering blue altar of Sif Muna.
    18 | D        | Found a viscous altar of Jiyva.
    18 | D        | Found a hazy altar of Hepliaklqana.
    18 | D        | Found an opulent altar of Gozag.
    19 | D        | Found a glowing golden altar of the Shining One.
    19 | D        | Found a glowing silver altar of Zin.
    19 | D        | Found a basalt altar of Yredelemnul.
    19 | D        | Found a shimmering altar of Xom.
    19 | D        | Found an ornate altar of the Wu Jian Council.
    19 | D        | Found a sacrificial altar of Ru.
    19 | D        | Found a stormy altar of Qazlal.
    19 | D        | Found an iron altar of Okawaru.
    19 | D        | Found a sparkling altar of Nemelex Xobeh.
    19 | D        | Found a burning altar of Makhleb.
    19 | D        | Found a blossoming altar of Fedhas.
    19 | D        | Found a white marble altar of Elyvilon.
    19 | D        | Found a shadowy altar of Dithmenos.
    19 | D        | Found a snail-covered altar of Cheibriados.
    21 | D        | Found a radiant altar of Vehumet.
    21 | D        | Found a corrupted altar of Lugonu.
    22 | D        | Found a hide-covered altar of Uskayaw.
    22 | D        | Found an ancient bone altar of Kikubaaqudgha.
    22 | D        | Found a broken altar of Ashenzari.
    28 | D        | Became a worshipper of Gozag Ym Sagoz the Greedy
    68 | D        | Noticed a scorpion
    88 | D        | Killed a scorpion
    89 | D        | Reached XP level 2. HP: 23/32 MP: 1/1
    89 | D        | Reached XP level 3. HP: 28/39 MP: 2/2
   106 | D        | Reached XP level 4. HP: 38/48 MP: 3/3
   141 | D        | Noticed a phantom
   157 | D        | Killed a phantom
   158 | D        | Reached skill level 5 in Dodging
   158 | D        | Reached skill level 5 in Shields
   158 | D        | Reached XP level 5. HP: 38/55 MP: 4/4
   218 | D        | Noticed a water moccasin
   232 | D        | Killed a water moccasin
   233 | D        | Reached skill level 5 in Fighting
   233 | D        | Reached skill level 5 in Maces & Flails
   381 | D        | Reached XP level 6. HP: 66/66 MP: 5/5
   461 | D        | Noticed a snapping turtle
   473 | D        | Slain by a snapping turtle

Illustrated notes

Levels and vault maps discovered:
D:        pitsprint [storerooms_1, entrance_room_1, metal_vault_4, armoury_2,
          mini_pit_1, grid_room_1, main_hall_1, silver_pit, the_coven_3,
          the_vestibule_1, steel_vault_3, golden_pit, hallway_of_sentries,
          crystal_vault_2, iron_vault_4, final_vault]

Skill      XL: |  1  2  3  4  5  6 |
---------------+-------------------+-----
Maces & Flails | 3 4 5 7 |  7.4
Fighting       | 3 4 5 |  5.7
Dodging        | 4 5 6 7 |  7.2
Shields        | 4 5 6 |  6.5

Action                   |  1- 3 |  4- 6 || total
-------------------------+-------+-------++-------
Melee: Mace              |    20 |    23 ||    43
       Flail             |     1 |    62 ||    63
  Use: Potion            |     1 |     1 ||     2
Armor: Robe              |     8 |    19 ||    27
Dodge: Dodged            |    12 |    28 ||    40
Block: Kite shield       |    16 |    24 ||    40

Table legend: (Time is in decaauts)
 A = Elapsed time spent in this place.
 B = Non-inter-level travel time spent in this place.
 C = Inter-level travel time spent in this place.
 D = Time resting spent in this place.
 E = Time spent auto-exploring this place.
 F = Levels seen in this place.
 G = Mean time per level.
                   A        B        C        D        E       F      G
               +--------+--------+--------+--------+--------+-----+--------+
         Total |    502 |    502 |      0 |    144 |     39 |   1 |  502.0 |
       Dungeon |    502 |    502 |      0 |    144 |     39 |   1 |  502.0 |
               +--------+--------+--------+--------+--------+-----+--------+

Top non-repeatable levels by time:
       D: 502 daAuts
